 Dungeon Crawl Stone Soup version 0.21.1-1-g345015fe64 (webtiles) character file.

177544 Htamos the Executioner (level 17, -7/160 HPs)
             Began as a Minotaur Berserker on July 4, 2018.
             Was the Champion of Trog.
             Mangled by a redback (11 damage)
             ... on level 4 of the Spider Nest.
             The game lasted 02:08:06 (31192 turns).

Htamos the Executioner (Minotaur Berserker)        Turns: 31192, Time: 02:08:06

Health: -7/160     AC: 30    Str: 25    XL:     17   Next: 26%
Magic:  0/16       EV: 10    Int:  4    God:    Trog [******]
Gold:   1826       SH:  0    Dex: 17    Spells: 16/16 levels left

rFire    . . .     SeeInvis .   g - +9 battleaxe (flame)
rCold    + . .     Gourm    .   (shield currently unavailable)
rNeg     . . .     Faith    .   q - +4 plate armour {rC+}
rPois    +         Spirit   .   X - +1 hat
rElec    .         Reflect  .   f - +0 cloak
rCorr    .         Harm     .   B - +2 pair of gloves {Dex+3}
MR       +....                  Q - +0 pair of boots
Stlth    ..........             Z - amulet of regeneration
HPRegen  0.76/turn              H - ring of poison resistance
MPRegen  0.15/turn              D - ring of poison resistance

@: no status effects
A: retaliatory headbutt, horns 2
}: 1/15 runes: decaying
a: Berserk, Trog's Hand, Brothers in Arms, Burn Spellbooks, Renounce Religion


You were on level 4 of the Spider Nest.
You worshipped Trog.
Trog was exalted by your worship.
You were not hungry.

You visited 4 branches of the dungeon, and saw 26 of its levels.

You collected 4131 gold pieces.
You spent 2305 gold pieces at shops.

Inventory:

Hand Weapons
 g - a +9 battleaxe of flaming (weapon)
 E - a +5 executioner's axe of chopping
 U - a +3 broad axe of flaming
Armour
 f - a +0 cloak (worn)
 q - a +4 plate armour of cold resistance (worn)
 B - a +2 pair of gloves of dexterity (worn)
 L - a +3 plate armour of fire resistance
 Q - a +0 pair of boots (worn)
 X - a +1 hat (worn)
Jewellery
 i - an uncursed ring of protection from magic
 m - an uncursed ring of protection from magic
 u - an uncursed ring of resist corrosion
 D - a ring of poison resistance (right hand)
 H - a ring of poison resistance (left hand)
 V - the ring "Sajuap" {Fire rN++ MR- Str+5}
   (You found it on level 6 of the Lair of Beasts)

   [ring of fire]

   It enhances your fire magic.
   It affects your strength (+5).
   It protects you from fire.
   It makes you vulnerable to cold.
   It greatly protects you from negative energy.
   It affects your resistance to hostile enchantments.
 W - the ring of Depsol {Dex+3 Slay+6}
   (You bought it in a shop on level 4 of the Dungeon)

   [ring of slaying]

   It affects your dexterity (+3).
   It affects your accuracy and damage with ranged weapons and melee attacks
   (+6).
 Z - an amulet of regeneration (around neck)
Wands
 n - a wand of digging (6)
 w - a wand of polymorph (16)
 A - a wand of iceblast (21)
 F - a wand of flame (24)
 G - a wand of scattershot (5)
 R - a wand of disintegration (31)
 S - a wand of acid (8)
Scrolls
 e - 9 scrolls of remove curse
 l - 4 scrolls of magic mapping
 r - 3 scrolls of teleportation
 P - 4 scrolls of fog
 T - 6 scrolls of identify
Potions
 a - a potion of brilliance
 b - 3 potions of mutation
 d - 2 potions of ambrosia
 j - 2 potions of degeneration {unknown}
 k - 4 potions of cancellation
 p - 8 potions of curing
 s - 3 potions of might
 t - 4 potions of agility {unknown}
 v - 3 potions of lignification {unknown}
 x - 2 potions of invisibility {unknown}
 z - 3 potions of flight {unknown}
 C - 2 potions of resistance
 I - 2 potions of magic {unknown}
 K - 3 potions of haste {unknown}
Books
 y - a book of Beasts

   Spells                             Type                      Level
   a - Summon Butterflies             Summoning                    1
   b - Call Canine Familiar           Summoning                    3
   c - Summon Ice Beast               Ice/Summoning                4
   d - Summon Mana Viper              Hexes/Summoning              5
   e - Summon Hydra                   Summoning                    7
   Trog disapproves of the use of such an item.
Miscellaneous
 o - a sack of spiders
 N - a lamp of fire
 O - a lightning rod (4/4)
Comestibles
 c - 50 rations
 J - 7 chunks of flesh


   Skills:
 + Level 16.8 Fighting
 * Level 23.6 Axes
 + Level 17.5 Armour
 + Level 4.1 Dodging
   Level 10.2 Shields


You had 16 spell levels left.
You didn't know any spells.

Dungeon Overview and Level Annotations

Branches:
Dungeon (12/15)            Temple (0/1) D:6            Lair (6/6) D:9
  Swamp (4/4) Lair:3       Spider (4/4) Lair:4        Slime (0/5) Lair:5
    Orc (0/2) D:10

Altars:
Elyvilon
Nemelex Xobeh
Okawaru
Sif Muna
Uskayaw
Wu Jian
Xom
Zin
The Shining One
Jiyva

Shops:
D:4 =*:}   D:5 *!?[   D:12 [


Innate Abilities, Weirdness & Mutations

You reflexively headbutt those who attack you in melee.
You have a pair of horns on your head.


Message History

You feel you are being watched by something.
You feel your power leaking away.
Found 26 gold pieces. 2 wolf spiders come into view.
There is a web, spattered with blood here.
You disentangle yourself.
The redback bites you but does no damage.
The redback closely misses you. x2
The redback bites you but does no damage.
You feel you are being watched by something.
You feel your power leaking away.
You feel you are being watched by something.
A tarantella comes into view.
Unknown command.
You hear the steady crackling of a very distant melting archway.
The redback bites you.
* * * LOW HITPOINT WARNING * * *
The tarantella bites you but does no damage.
The redback bites you!
You die...

##. ##.. ##.s.
## #.≈.^
####s.. #.$≈.
≈{..≈≈≈ #....
ss.≈≈φ.
#^..s###sss≈≈≈≈
#.≈@ss.ss!s..
####ss.s.s##^
##ss≈.^.#
####..^.. ##...
##


You could see 2 emperor scorpions, 2 wolf spiders, 2 orb spiders, 2 tarantellas
and 8 redbacks.

Vanquished Creatures
  the Lernaean hydra (Swamp:3)
  Nikola (Swamp:3)
  Arachne (Spider:2)
  Gastronok (D:10)
  Donald (Lair:3)
  2 ghost moths (Spider:3)
  Aizul (Spider:1)
  An emperor scorpion (Spider:3)
  2 very ugly things
  The ghost of error the Warrior, a journeyman OpSu of Vehumet (Swamp:2)
  A spark wasp (Spider:2)
  A fire dragon (Lair:6)
  Josephine (Lair:4)
  Erolcha (D:10)
  An ice dragon (Spider:4)
  2 ghost crabs
  20 hydras
  A centaur warrior (D:12)
  2 two-headed ogres
  Erica (D:8)
  10 alligators
  7 death yaks
  Sonja (D:11)
  12 swamp dragons
  2 spriggan druids
  5 shambling mangroves
  The ghost of Ethylacetat the Chopper, a novice DsFi of Okawaru (D:6)
  9 orb spiders
  26 wolf spiders
  A cyclops (D:10)
  10 ugly things
  3 centaur zombies
  2 moths of wrath (Spider:4)
  6 black mambas
  10 elephants
  A torpor snail (Spider:2)
  16 spiny frogs
  11 demonic crawlers
  A rime drake (Lair:6)
  8 komodo dragons
  6 tyrant leeches
  27 jumping spiders
  3 trolls
  23 hornets
  9 polar bears (Lair:6)
  A queen bee (Lair:1)
  7 slime creatures
  2 raiju (Lair:6)
  Prince Ribbit (D:8)
  24 blink frogs
  5 hippogriffs
  13 bog bodies
  5 shadows
  51 redbacks
  3 vampires
  8 wraiths
  10 spriggans
  19 tarantellas
  A human (D:11)
  29 yaks
  2 basilisks
  24 vampire mosquitoes
  8 insubstantial wisps
  23 swamp worms
  4 wargs (Lair:6)
  3 acid dragons (Lair:6)
  15 hell hounds (Lair:6)
  11 water moccasins
  5 orc warriors
  5 porcupines
  4 phantoms
  24 swamp drakes
  4 ice beasts
  12 black bears
  A sky beast (D:5)
  4 ogres
  5 necrophages (Lair:2)
  A boggart (D:12)
  3 centaurs
  16 wolves
  13 crocodiles
  3 big kobolds
  16 bullfrogs
  2 water moccasin skeletons
  2 scorpions
  3 wyvern skeletons
  35 killer bees
  4 wights (D:10)
  2 electric eels (Lair:2)
  3 howler monkeys
  A bullfrog zombie (D:12)
  9 crimson imps
  A quasit (D:8)
  4 hounds
  5 jellies
  Crazy Yiuf (D:2)
  8 orc priests
  3 bullfrog skeletons
  3 centaur skeletons
  11 orc wizards
  Jessica (D:2)
  7 iguanas
  Natasha (thrice) (D:4)
  7 worker ants
  A killer bee zombie (D:5)
  2 hound skeletons
  2 worker ant zombies
  13 adders
  4 gnolls (D:9)
  6 shadow imps
  An ooze (D:1)
  An adder skeleton (D:5)
  4 worms
  2 dart slugs (D:1)
  9 leopard geckos
  54 orcs
  6 bats
  4 giant cockroaches
  8 goblins
  8 hobgoblins
  13 jackals
  18 kobolds
  3 quokkas
  5 frilled lizards
  A leopard gecko skeleton (D:7)
  A quokka zombie (D:5)
  6 rats
  A bush (Swamp:4)
  6 fungi
  6 plants
938 creatures vanquished.

Vanquished Creatures (collateral kills)
  A vampire mosquito (D:12)
  A phantom (D:12)
  A big kobold (D:12)
  2 kobolds (D:12)
5 creatures vanquished.

Vanquished Creatures (others)
  An orb spider (Spider:1)
  A redback (Spider:4)
  A steam dragon (Lair:6)
  2 bushes (Lair:6)
  17 fungi
  15 plants (Lair:6)
37 creatures vanquished.

Grand Total: 980 creatures vanquished

Notes
Turn   | Place    | Note
-------+----------+-------------------------------------------
     0 | D:1      | Htamos the Minotaur Berserker began the quest for the Orb.
     0 | D:1      | Reached XP level 1. HP: 19/19 MP: 0/0
    71 | D:1      | Reached XP level 2. HP: 13/27 MP: 1/1
   100 | D:1      | Reached skill level 4 in Axes
   445 | D:1      | Reached XP level 3. HP: 33/33 MP: 2/2
   881 | D:2      | Reached ** piety under Trog
  1187 | D:2      | Noticed Jessica
  1197 | D:2      | Killed Jessica
  1197 | D:2      | Reached XP level 4. HP: 41/41 MP: 3/3
  1212 | D:2      | Reached skill level 5 in Axes
  1776 | D:2      | Reached XP level 5. HP: 45/47 MP: 4/4
  1787 | D:2      | Found a runed door.
  1791 | D:2      | Noticed Crazy Yiuf
  1796 | D:2      | Killed Crazy Yiuf
  2030 | D:3      | Reached skill level 1 in Shields
  2160 | D:3      | Found a white marble altar of Elyvilon.
  2323 | D:3      | Reached XP level 6. HP: 48/55 MP: 5/5
  2367 | D:3      | Reached skill level 6 in Axes
  2503 | D:3      | Reached *** piety under Trog
  2794 | D:3      | Found a deep blue altar of Sif Muna.
  2840 | D:4      | Found Bylu Puurgh's Book Shop.
  2919 | D:4      | Found Puyt's General Store.
  2989 | D:4      | Reached skill level 5 in Fighting
  2989 | D:4      | Reached skill level 5 in Armour
  2997 | D:4      | Reached skill level 7 in Axes
  2997 | D:4      | Reached XP level 7. HP: 4/61 MP: 6/6
  3314 | D:4      | Found Geres's Gadget Shop.
  3394 | D:4      | Found a glowing golden altar of the Shining One.
  3442 | D:4      | Found an ornate altar of the Wu Jian Council.
  3447 | D:4      | Found a shimmering altar of Xom.
  3488 | D:4      | Found Cimeet's Jewellery Shoppe.
  3526 | D:4      | Noticed Natasha
  3540 | D:4      | Killed Natasha
  3584 | D:4      | Reached skill level 8 in Axes
  3620 | D:4      | Reached **** piety under Trog
  3762 | D:4      | Noticed Natasha
  3767 | D:4      | Killed Natasha
  3998 | D:5      | Entered Level 5 of the Dungeon
  3998 | D:5      | Found Poshrao's Assorted Antiques.
  4074 | D:5      | Reached XP level 8. HP: 67/69 MP: 7/7
  4157 | D:5      | Found Natuggyrph's Distillery.
  4256 | D:5      | Found a faded altar of an unknown god.
  4256 | D:5      | Found a deep blue altar of Sif Muna.
  4264 | D:5      | Found an iron altar of Okawaru.
  4266 | D:5      | Found a faded altar of an unknown god.
  4268 | D:5      | Found a glowing silver altar of Zin.
  4313 | D:5      | Found Imoam's Magic Scroll Boutique.
  4343 | D:5      | Reached skill level 9 in Axes
  4458 | D:5      | Found Ohui's Armour Emporium.
  4505 | D:5      | Found a sparkling altar of Nemelex Xobeh.
  4588 | D:4      | Noticed Natasha
  4604 | D:4      | Killed Natasha
  4755 | D:6      | Found a staircase to the Ecumenical Temple.
  4955 | D:6      | Noticed Ethylacetat's ghost (novice DsFi)
  5008 | D:6      | Killed Ethylacetat's ghost
  5008 | D:6      | Reached skill level 10 in Axes
  5008 | D:6      | Reached XP level 9. HP: 19/75 MP: 8/8
  5668 | D:6      | Paralysed by fainting for 8 turns
  5903 | D:7      | Noticed a dagger
  5904 | D:7      | Found a hide-covered altar of Uskayaw.
  5916 | D:7      | Noticed a hand axe
  6046 | D:7      | Reached skill level 5 in Shields
  6103 | D:7      | Reached ***** piety under Trog
  6800 | D:5      | Bought a +2 pair of gloves of dexterity for 301 gold pieces
  6947 | D:8      | Noticed Erica
  6961 | D:8      | Reached skill level 11 in Axes
  7637 | D:8      | Killed Erica
  7667 | D:8      | Reached XP level 10. HP: 71/84 MP: 9/9
  8081 | D:8      | Identified a scroll of acquirement
  8133 | D:8      | Reached skill level 12 in Axes
  8267 | D:8      | Noticed Prince Ribbit
  8284 | D:8      | Killed Prince Ribbit
  8284 | D:8      | Reached skill level 10 in Armour
  8646 | D:9      | Noticed a death yak
  8647 | D:9      | Noticed a death yak
  8648 | D:9      | Noticed a death yak
  8648 | D:9      | Noticed a death yak
  8674 | D:9      | Killed a death yak
  8763 | D:8      | HP: 4/84 [death yak (13)]
  9140 | D:8      | Killed a death yak
  9354 | D:8      | Killed a death yak
  9354 | D:8      | Reached skill level 13 in Axes
  9414 | D:9      | Killed a death yak
  9491 | D:9      | Reached XP level 11. HP: 78/92 MP: 10/10
  9555 | D:9      | Noticed a two-headed ogre
  9567 | D:9      | Found a staircase to the Lair.
 10182 | D:9      | Killed a two-headed ogre
 10340 | D:10     | Entered Level 10 of the Dungeon
 10352 | D:10     | Noticed an eight-headed hydra
 10359 | D:10     | Killed an eight-headed hydra
 10359 | D:10     | Received a gift from Trog
 10655 | D:9      | Reached skill level 14 in Axes
 10794 | D:10     | Noticed Gastronok
 10823 | D:10     | Killed Gastronok
 10877 | D:10     | Noticed Erolcha
 11222 | D:11     | Noticed a cyan ugly thing
 11230 | D:11     | Killed a cyan ugly thing
 11618 | D:11     | Noticed Sonja
 11719 | D:11     | Killed Sonja
 12085 | D:12     | Noticed a green ugly thing
 12086 | D:12     | Noticed a red ugly thing
 12115 | D:12     | Killed a red ugly thing
 12115 | D:12     | Reached skill level 15 in Axes
 12115 | D:12     | Reached XP level 12. HP: 66/103 MP: 3/11
 12153 | D:12     | Noticed a two-headed ogre
 12155 | D:12     | Noticed a centaur warrior
 12175 | D:12     | Killed a two-headed ogre
 12180 | D:12     | Killed a centaur warrior
 12446 | D:12     | Found Mokhlaol's Armour Boutique.
 12743 | D:12     | Reached skill level 10 in Shields
 12887 | D:12     | Noticed an eight-headed hydra
 13010 | D:10     | Reached skill level 16 in Axes
 13078 | D:10     | Found a staircase to the Orcish Mines.
 13759 | D:10     | Killed Erolcha
 13806 | D:8      | Received a gift from Trog
 14017 | D:4      | Bought the ring of Depsol {Dex+3 Slay+6} for 1808 gold pieces
 14056 | D:5      | Bought a glowing hat for 196 gold pieces
 14232 | Lair:1   | Entered Level 1 of the Lair of Beasts
 14271 | Lair:1   | Reached skill level 10 in Fighting
 14912 | Lair:2   | Reached skill level 17 in Axes
 14953 | Lair:2   | Noticed a six-headed hydra
 15044 | Lair:2   | Killed a one-headed hydra
 15044 | Lair:2   | Reached XP level 13. HP: 113/113 MP: 12/12
 15895 | Lair:3   | Reached ****** piety under Trog
 16174 | Lair:3   | Found a white marble altar of Elyvilon.
 16385 | Lair:3   | Reached skill level 18 in Axes
 16388 | Lair:3   | Received a gift from Trog
 16399 | Lair:3   | Found a staircase to the Swamp.
 16491 | Lair:4   | Noticed Josephine
 16498 | Lair:4   | Killed Josephine
 16719 | Lair:4   | Found a dark tunnel.
 17162 | Lair:4   | Found a hole to the Spider Nest.
 17784 | Lair:5   | Found a viscous altar of Jiyva.
 17784 | Lair:5   | Found a staircase to the Slime Pits.
 17847 | Lair:5   | Reached skill level 19 in Axes
 18349 | Lair:6   | Entered Level 6 of the Lair of Beasts
 18776 | Lair:6   | Reached XP level 14. HP: 124/124 MP: 13/13
 18801 | Lair:6   | Received a gift from Trog
 19120 | Lair:6   | Received a gift from Trog
 20263 | Lair:6   | Got a wavering amber ring
 20265 | Lair:6   | Identified the ring "Sajuap" {Fire rN++ MR- Str+5} (You found it on level 6 of the Lair of Beasts)
 20284 | Lair:6   | Received a gift from Trog
 20289 | Lair:6   | Reached skill level 20 in Axes
 21492 | Swamp:1  | Entered Level 1 of the Swamp
 21552 | Swamp:1  | Noticed a red very ugly thing
 21559 | Swamp:1  | Noticed Donald
 21581 | Lair:3   | Killed a red very ugly thing
 21682 | Lair:3   | Killed Donald
 21885 | Swamp:1  | Reached skill level 15 in Armour
 22201 | Swamp:1  | Reached XP level 15. HP: 15/136 MP: 14/14
 23084 | Swamp:2  | Noticed error's ghost (journeyman OpSu)
 23087 | Swamp:2  | Reached skill level 21 in Axes
 23117 | Swamp:2  | Killed error's ghost
 23314 | Swamp:2  | Received a gift from Trog
 24190 | Swamp:3  | Noticed Nikola
 24235 | Swamp:3  | Killed Nikola
 24526 | Swamp:3  | Received a gift from Trog
 25143 | Swamp:4  | Entered Level 4 of the Swamp
 25257 | Swamp:4  | Reached skill level 22 in Axes
 25398 | Swamp:4  | Reached XP level 16. HP: 87/147 MP: 15/15
 25531 | Swamp:3  | Reached skill level 15 in Fighting
 25658 | Swamp:4  | Noticed the 27-headed Lernaean hydra
 26123 | Swamp:3  | Killed the 16-headed Lernaean hydra
 26205 | Swamp:4  | Got a decaying rune of Zot
 26446 | Swamp:4  | Received a gift from Trog
 26753 | Swamp:4  | Paralysed by a hornet for 1 turns
 26945 | Spider:1 | Entered Level 1 of the Spider Nest
 27923 | Spider:1 | Noticed Aizul
 27931 | Spider:1 | Killed Aizul
 28817 | Spider:2 | Noticed Arachne
 28841 | Spider:2 | Killed Arachne
 28841 | Spider:2 | Reached skill level 23 in Axes
 28990 | Spider:2 | Received a gift from Trog
 29892 | Spider:3 | Reached XP level 17. HP: 143/159 MP: 10/16
 30239 | Spider:3 | Received a gift from Trog
 30824 | Spider:4 | Entered Level 4 of the Spider Nest
 31190 | Spider:4 | HP: 8/160 [redback (10)]
 31192 | Spider:4 | Mangled by a redback

Skill      XL: |  1  2  3  4  5  6  7  8  9 10 11 12 13 14 15 16 |
---------------+-------------------------------------------------+-----
Axes           | 4 5 7 8 10 11 13 15 17 19 20 22 23 | 23.6
Fighting       | 4 5 6 7 8 10 11 13 14 16 | 16.8
Armour         | 3 4 5 6 7 9 11 12 13 14 15 16 17 | 17.5
Shields        | 1 2 3 4 6 7 9 10 | 10.2
Dodging        | 3 4 |  4.1

Action                   |  1- 3 |  4- 6 |  7- 9 | 10-12 | 13-15 | 16-18 || total
-------------------------+-------+-------+-------+-------+-------+-------++-------
Melee: Hand axe          |    72 |   169 |   393 |   396 |       |       ||  1030
       Headbutt          |    17 |    30 |   113 |   246 |   274 |   140 ||   820
       War axe           |       |       |       |   345 |       |       ||   345
       Broad axe         |       |       |       |    93 |   885 |       ||   978
       Battleaxe         |       |       |       |    42 |   135 |   546 ||   723
       Executioner's axe |       |       |       |       |       |     8 ||     8
Throw: Throwing net      |       |       |       |     2 |       |       ||     2
Invok: Burn Spellbooks   |       |       |     2 |     4 |     3 |       ||     9
       Trog's Hand       |       |       |       |     1 |       |       ||     1
       Brothers in Arms  |       |       |       |     1 |       |       ||     1
Evoke: Wand              |       |       |       |    22 |     6 |    10 ||    38
       Lightning rod     |       |       |       |     1 |       |       ||     1
  Use: Scroll            |     4 |     2 |     5 |    14 |    17 |    14 ||    56
       Potion            |       |       |       |     2 |     8 |     5 ||    15
 Stab: Distracted        |       |       |       |       |     1 |       ||     1
       Confused          |       |       |       |       |       |     1 ||     1
  Eat: Chunk             |     1 |     6 |     7 |    19 |    27 |    13 ||    73
       Ration            |       |       |     2 |     2 |     2 |     2 ||     8
Armor: Animal skin       |     6 |       |       |       |       |       ||     6
       Ring mail         |     9 |       |       |       |       |       ||     9
       Plate armour      |       |    63 |   149 |   294 |   647 |   626 ||  1779
Dodge: Dodged            |    35 |    18 |    46 |   147 |   411 |   304 ||   961
Block: Shield            |     8 |    73 |   184 |   343 |       |       ||   608
